 Dungeon Crawl Stone Soup version 0.20-a0-214-gb74cb0e (webtiles) character file.

112 AlphabetPasta the Ogre Mage (level 4, -1/42 HPs)
             Began as an Ogre Wizard on Nov 27, 2016.
             Succumbed to an orc wizard's poison
             ... on level 3 of the Dungeon.
             The game lasted 00:17:57 (3621 turns).

AlphabetPasta the Ogre Mage (Ogre Wizard)           Turns: 3621, Time: 00:17:58

Health: -1/42      AC:  5    Str: 12    XL:     4   Next: 95%
Magic:  1/11       EV: 10    Int: 18    God:
Gold:   114        SH:  0    Dex: 12    Spells: 7/14 levels left

rFire  . . .     SeeInvis .     f - +1 club
rCold  . . .     Gourm    .     a - +0 robe
rNeg   . . .     Faith    .     (no shield)
rPois  .         Spirit   .     b - +1 hat
rElec  .         Reflect  .     o - +0 cloak
rCorr  .         Harm     .     (gloves unavailable)
MR     .....                    (boots unavailable)
Stlth  ++........               (no amulet)
                                (no ring)
                                g - ring of flight

@: lethally poisoned (-1 -> -20), very slightly contaminated, repel missiles,
drained
A: unfitting armour, agile 2, tough skin 1
a: Evoke Flight


You were on level 3 of the Dungeon.
You were not hungry.

You visited 1 branch of the dungeon, and saw 3 of its levels.

You collected 114 gold pieces.

Inventory:

Hand Weapons
 f - a +1 club (weapon)
Armour
 a - a +0 robe (worn)
 b - a +1 hat (worn)
 o - a +0 cloak (worn)
Jewellery
 g - a ring of flight (left hand)
Scrolls
 l - a scroll of remove curse
 p - 3 scrolls of teleportation
Potions
 e - a potion of lignification
 i - a potion of cure mutation
Books
 c - a book of Minor Magic

   Spells                             Type                      Level
   a - Magic Dart                     Conjuration                  1
   b - Blink                          Translocation                2
   c - Call Imp                       Summoning                    2
   d - Repel Missiles                 Charms/Air                   2
   e - Slow                           Hexes                        2
   f - Conjure Flame                  Conjuration/Fire             3
   g - Mephitic Cloud                 Conjuration/Poison/Air       3
Comestibles
 d - 5 bread rations
 h - a chunk of flesh
 j - 3 meat rations
 m - a beef jerky


   Skills:
 - Level 2.0(1.8) Fighting
 - Level 1.0(0.8) Maces & Flails
 - Level 1.8(1.7) Dodging
 - Level 1.4(1.2) Stealth
 * Level 5.5(5.3) Spellcasting
 - Level 1.1(0.9) Conjurations
 + Level 0.6(0.4) Summonings
 - Level 0.6(0.4) Translocations


You had 7 spell levels left.
You knew the following spells:

 Your Spells              Type           Power        Failure   Level  Hunger
a - Magic Dart            Conj           #...         12%         1    None
b - Blink                 Tloc           N/A          17%         2    #......
c - Call Imp              Summ           #.......     17%         2    #......
d - Repel Missiles        Chrm/Air       #.....       21%         2    #......


Dungeon Overview and Level Annotations

Branches:
Dungeon (3/15)

Altars:
Cheibriados
Dithmenos
Gozag
Hepliaklqana
Kikubaaqudgha
Makhleb
Qazlal
Uskayaw

Annotations:
D:2 Crazy Yiuf


Innate Abilities, Weirdness & Mutations

You are too large for most types of armour.
You have tough skin. (AC +1)
You are very agile. (Dex +4)


Message History

Casting: Magic Dart
Confirm with . or Enter, or press ? or * to list all spells.
Aiming: Magic Dart
Press: ? - help, Shift-Dir - straight line, f/p - orc wizard
Aim: an orc wizard, wielding a dagger of venom and wearing a robe (lightly wounded)
The magic dart hits the orc wizard.
The orc wizard is moderately wounded.
* * * LOW HITPOINT WARNING * * *
You feel sick.
The orc wizard hits you with a dagger of venom.
* * * LOW HITPOINT WARNING * * *
You are more poisoned.
Casting: Magic Dart
Confirm with . or Enter, or press ? or * to list all spells.
Aiming: Magic Dart
Press: ? - help, Shift-Dir - straight line, f/p - orc wizard
Aim: an orc wizard, wielding a dagger of venom and wearing a robe (moderately wounded)
The magic dart hits the orc wizard.
The orc wizard is moderately wounded.
You die...

#§# #. ##### #.# #.#
#.... #o# #.# #.###
#.# #.# #.# #o# #.#
#.# #.# #.# #.# #.#
#.#######÷###
#.########....).......
#..oo@....)........###
####################


You could see an orc priest and an orc wizard.

Vanquished Creatures
  A gnoll (D:1)
  3 adders (D:2)
  An ooze (D:3)
  A worm (D:2)
  2 dart slugs (D:2)
  3 leopard geckos
  2 orcs (D:3)
  8 bats
  3 giant cockroaches (D:2)
  6 goblins
  5 hobgoblins
  3 jackals (D:3)
  A quokka (D:2)
  3 frilled lizards
  8 kobolds
  10 rats
60 creatures vanquished.

Vanquished Creatures (collateral kills)
  A kobold (D:3)
1 creature vanquished.

Vanquished Creatures (others)
  4 toadstools (D:1)
4 creatures vanquished.

Grand Total: 65 creatures vanquished

Notes
Turn   | Place    | Note
-------+----------+-------------------------------------------
     0 | D:1      | AlphabetPasta the Ogre Wizard began the quest for the Orb.
     0 | D:1      | Reached XP level 1. HP: 16/16 MP: 5/5
   260 | D:1      | Reached skill level 4 in Spellcasting
   264 | D:1      | Reached XP level 2. HP: 24/24 MP: 0/7
   268 | D:1      | Learned a level 2 spell: Blink
   271 | D:1      | Learned a level 2 spell: Call Imp
   274 | D:1      | Learned a level 2 spell: Repel Missiles
  1220 | D:1      | Reached skill level 1 in Conjurations
  1220 | D:1      | Reached XP level 3. HP: 18/31 MP: 0/9
  1356 | D:2      | Found a snail-covered altar of Cheibriados.
  1596 | D:2      | Reached skill level 1 in Maces & Flails
  1810 | D:2      | Reached skill level 1 in Fighting
  1975 | D:2      | Found a runed door.
  2227 | D:2      | Reached XP level 4. HP: 41/41 MP: 7/10
  2299 | D:2      | Reached skill level 5 in Spellcasting
  2821 | D:2      | Found an opulent altar of Gozag.
  2828 | D:2      | Found a hide-covered altar of Uskayaw.
  2830 | D:2      | Found a stormy altar of Qazlal.
  2832 | D:2      | Found a shadowy altar of Dithmenos.
  2839 | D:2      | Found a hazy altar of Hepliaklqana.
  2846 | D:2      | Found a burning altar of Makhleb.
  2853 | D:2      | Found an ancient bone altar of Kikubaaqudgha.
  3180 | D:2      | Noticed Crazy Yiuf
  3597 | D:3      | Gained mutation: You are agile. (Dex +2) [potion of mutation]
  3597 | D:3      | Gained mutation: You are very agile. (Dex +4) [potion of mutation]
  3598 | D:3      | HP: 2/42 [orc wizard/puff of flame (8)]
  3620 | D:3      | HP: 2/42 [poisoned by an orc wizard]
  3621 | D:3      | Succumbed to an orc wizard's poison

Vault maps used:
D:1:      ldierk_water_garden
D:2:      kennysheep_six_static_rooms, grunt_temple_overflow_octagram,
          cheibriados_altar_1, uniq_crazy_yiuf_cottage
D:3:      portal_sewer_entry_e

Skill      XL: |  1  2  3  4 |
---------------+-------------+-----
Spellcasting   | 4 5 |  5.5
Conjurations   | 1 |  1.1
Maces & Flails | 1 |  1.0
Fighting       | 1 2 |  2.0
Dodging        | |  1.8
Stealth        | |  1.4
Summonings     | |  0.6
Translocations | |  0.6

Action                   |  1- 3 |  4- 6 || total
-------------------------+-------+-------++-------
Melee: Club              |     9 |    18 ||    27
 Cast: Magic Dart        |    98 |   101 ||   199
       Repel Missiles    |     1 |     1 ||     2
       Call Imp          |       |     2 ||     2
  Use: Scroll            |     7 |     2 ||     9
       Potion            |       |     2 ||     2
  Eat: Pizza             |     1 |     1 ||     2
       Chunk             |     2 |     3 ||     5
Armor: Robe              |     5 |    15 ||    20
Dodge: Dodged            |    16 |    25 ||    41
       Deflected         |     1 |     2 ||     3
